 Dungeon Crawl Stone Soup version 0.21-a0-440-g28109cb (webtiles) character file.

1379 AverageBear the Ducker (level 8, -8/45 HPs)
             Began as a Deep Elf Fighter on Nov 10, 2017.
             Mangled by an orc warrior
             ... wielding a +2 hand axe of chopping
              (15 damage)
             ... on level 6 of the Dungeon.
             The game lasted 00:06:00 (4418 turns).

AverageBear the Ducker (Deep Elf Fighter)           Turns: 4418, Time: 00:06:00

Health: -8/45      AC:  6    Str: 15    XL:     8   Next: 39%
Magic:  10/10      EV: 15    Int: 14    God:
Gold:   25         SH:  8    Dex: 14    Spells: 7/7 levels left

rFire    + . .     SeeInvis .   i - +0 short sword (elec)
rCold    + . .     Gourm    .   e - +3 buckler
rNeg     . . .     Faith    .   n - +1 ring mail {rF+}
rPois    .         Spirit   .   (no helmet)
rElec    .         Reflect  .   (no cloak)
rCorr    .         Harm     .   (no gloves)
MR       ++...                  (no boots)
Stlth    +.........             (no amulet)
HPRegen  0.15/turn              q - +1 ring of evasion
MPRegen  0.12/turn              (no ring)

@: no status effects
A: cold resistance 1, magic resistance 2
a: no special abilities


You were on level 6 of the Dungeon.
You were not hungry.

You visited 1 branch of the dungeon, and saw 6 of its levels.

You collected 121 gold pieces.
You spent 96 gold pieces at shops.

Inventory:

Hand Weapons
 a - a +0 rapier
 i - a +0 short sword of electrocution (weapon)
 o - a +2 dagger of freezing
 v - a +0 short sword of venom
Armour
 b - a +0 scale mail
 e - a +3 buckler (worn)
 n - a +1 ring mail of fire resistance (worn)
Jewellery
 q - a +1 ring of evasion (left hand)
Wands
 h - a wand of digging (7/24)
 u - a wand of digging (3/24)
Scrolls
 d - a scroll of recharging
 g - a scroll of remove curse
 p - 2 scrolls of teleportation
 r - a scroll of immolation
 t - a scroll of identify
 w - a scroll of fear
Potions
 c - a potion of curing
 k - 2 potions of resistance
Comestibles
 f - 4 bread rations
 j - 2 royal jellies
 l - 2 meat rations
 m - 6 fruits
 x - 16 chunks of flesh


   Skills:
 - Level 2.4 Fighting
 - Level 5.0 Short Blades
 - Level 4.0 Armour
 + Level 6.5 Dodging
 - Level 5.6 Shields


You had 7 spell levels left.
You didn't know any spells.

Dungeon Overview and Level Annotations

Branches:
Dungeon (6/15)
 Temple: D:4-7

Altars:
Hepliaklqana
Nemelex Xobeh

Shops:
D:4 %!


Innate Abilities, Weirdness & Mutations

Your flesh is cold resistant. (rC+)
You are highly resistant to hostile enchantments. (MR++)


Message History

You hit the orc warrior but do no damage.
The orc warrior is lightly wounded.
The orc warrior hits you with a hand axe of chopping!
* * * LOW HITPOINT WARNING * * *
x2 The orc wizard hits you but does no damage.
Your ring mail prevents you from hitting the orc warrior.
The orc warrior is lightly wounded.
You block the orc wizard's attack. You block the orc warrior's attack.
The orc wizard casts a spell at you. The magic dart hits you!
* * * LOW HITPOINT WARNING * * *
You see here a chain mail.
The orc wizard casts a spell.
The orc wizard blinks!
You see here a scorpion corpse.
You feel better.
You hit the orc warrior but do no damage.
The orc warrior is lightly wounded.
The orc warrior hits you with a hand axe of chopping!
You die...

#....#.#.# #....#.#.#
..... #....#.#.# .#....
#...#.#.# ......###
##...#.#.#.#.#.........
#.[....รท........#......
#..#####o########.#......
#o# #..... #@# #....# #.#
##...# #.# ##..# #.# #.oo
## #.# ## #.# ##o. ##..
#)# ##. #.# #.. ..## #.#
#.. #.# ##. #..# #.#
#..##.# #. #..## #.#
#..#.# ###


You could see an orc warrior and an orc wizard.

Vanquished Creatures
  A troll (D:6)
  The ghost of jujuben the Covert, an amateur OpAs (D:5)
  A phantom (D:5)
  An ogre (D:6)
  3 bullfrogs (D:6)
  2 scorpions
  A crimson imp (D:5)
  A quasit (D:5)
  A hound (D:4)
  2 jellies (D:5)
  Terence (D:2)
  2 orc wizards (D:5)
  A worker ant (D:4)
  A hound zombie (D:6)
  A hound skeleton (D:6)
  10 adders
  2 oozes
  4 worms
  2 dart slugs
  2 leopard geckos (D:3)
  11 orcs
  A ball python (D:1)
  8 giant cockroaches
  13 goblins
  3 hobgoblins
  11 jackals
  6 kobolds
  3 quokkas
  10 bats
  6 frilled lizards
  A jackal skeleton (D:2)
  A quokka zombie (D:6)
  11 rats
125 creatures vanquished.

Notes
Turn   | Place    | Note
-------+----------+-------------------------------------------
     0 | D:1      | AverageBear the Deep Elf Fighter began the quest for the Orb.
     0 | D:1      | Reached XP level 1. HP: 13/13 MP: 3/3
    94 | D:1      | Reached XP level 2. HP: 18/18 MP: 4/4
   319 | D:1      | Reached XP level 3. HP: 22/22 MP: 5/5
   707 | D:2      | HP: 1/22 [poisoned by an adder]
   976 | D:2      | Reached XP level 4. HP: 22/27 MP: 6/6
  1037 | D:2      | Found a sparkling altar of Nemelex Xobeh.
  1135 | D:2      | Noticed Terence
  1151 | D:2      | Killed Terence
  1153 | D:2      | Reached skill level 5 in Short Blades
  1458 | D:3      | Reached skill level 1 in Dodging
  1549 | D:3      | Reached XP level 5. HP: 17/31 MP: 7/7
  1828 | D:3      | Reached skill level 2 in Dodging
  2310 | D:4      | Found Jodeupsa's Distillery.
  2311 | D:4      | Found Avoefix's Food Emporium.
  2333 | D:4      | Reached skill level 3 in Dodging
  2352 | D:4      | Bought a potion of mutation for 96 gold pieces
  2352 | D:4      | Gained mutation: You can translocate small distances at will. [potion of mutation]
  2352 | D:4      | Gained mutation: Your mind is acute. (Int +2) [potion of mutation]
  2353 | D:4      | Lost mutation: Your mind is acute. (Int +2) [potion of mutation]
  2353 | D:4      | Lost mutation: You can translocate small distances at will. [potion of mutation]
  2353 | D:4      | Gained mutation: You are resistant to hostile enchantments. (MR+) [potion of mutation]
  2353 | D:4      | Gained mutation: You are highly resistant to hostile enchantments. (MR++) [potion of mutation]
  2353 | D:4      | Gained mutation: Your flesh is cold resistant. (rC+) [potion of mutation]
  2462 | D:4      | Reached skill level 4 in Dodging
  2769 | D:4      | Reached XP level 6. HP: 32/36 MP: 8/8
  3062 | D:5      | Entered Level 5 of the Dungeon
  3114 | D:5      | Reached skill level 5 in Dodging
  3184 | D:5      | Noticed jujuben's ghost (amateur OpAs)
  3202 | D:5      | Found a hazy altar of Hepliaklqana.
  3212 | D:5      | Killed jujuben's ghost
  3212 | D:5      | Reached XP level 7. HP: 27/40 MP: 9/9
  4242 | D:6      | Noticed a troll
  4268 | D:6      | Killed a troll
  4268 | D:6      | Reached skill level 5 in Shields
  4268 | D:6      | Reached XP level 8. HP: 28/45 MP: 10/10
  4303 | D:6      | Reached skill level 6 in Dodging
  4414 | D:6      | HP: 2/45 [orc wizard/magic dart (4)]
  4418 | D:6      | Mangled by an orc warrior

Vault maps used:
D:1:      onia_arrival_larder
D:2:      first_bread, nemelex_spade_bored_becter, uniq_terence
D:3:      serial_glass, glass_columns_a, glass_columns_a, glass_columns_c,
          glass_columns_a, glass_columns_c, glass_columns_a, glass_columns_c,
          glass_columns_a, feat_on_display, feat_on_display,
          minmay_strange_pillars
D:4:      serial_shops, shop, shop
D:5:      kennysheep_mini_moat
D:6:      lemuel_temple_firewalk_b, grunt_decor_mini_mirrors,
          minmay_misc_feat_rows, serial_bayou_pond_d, minmay_misc_feat_enclosed,
          uniq_blork_the_orc, uniq_prince_ribbit1

Skill      XL: |  1  2  3  4  5  6  7  8 |
---------------+-------------------------+-----
Short Blades   | 3 4 5 |  5.0
Dodging        | 1 4 5 6 |  6.5
Armour         | 4 |  4.0
Shields        | 5 |  5.6
Fighting       | |  2.4

Action                   |  1- 3 |  4- 6 |  7- 9 || total
-------------------------+-------+-------+-------++-------
Melee: Rapier            |   142 |   146 |       ||   288
       Dagger            |       |   128 |    50 ||   178
       Short sword       |       |       |   123 ||   123
  Use: Scroll            |     1 |     8 |     2 ||    11
       Potion            |       |     6 |     2 ||     8
 Stab: Invisible         |       |     2 |     2 ||     4
  Eat: Chunk             |       |     8 |     4 ||    12
Armor: Scale mail        |    64 |    20 |       ||    84
       Ring mail         |       |    70 |    79 ||   149
Dodge: Dodged            |    46 |   110 |   108 ||   264
Block: Shield            |    23 |       |       ||    23
       Buckler           |    22 |    87 |    73 ||   182

Table legend:
 A = Spawn XP
 B = Non-spawn XP
 C = Spawn XP percentage of total XP
 D = Spawn monster count
 E = Non-spawn monster count
 F = Spawn count percentage of total count
 G = Total turns spent on level
                    A         B        C        D         E        F      G
               +---------+---------+-------+---------+---------+-------+---------
         Total |       0 |    1971 |   0.0 |       0 |     125 |   0.0 |  4418
               +---------+---------+-------+---------+---------+-------+---------
           D:1 |       0 |      64 |   0.0 |       0 |      35 |   0.0 |   666
           D:2 |       0 |     104 |   0.0 |       0 |      20 |   0.0 |   780
           D:3 |       0 |      80 |   0.0 |       0 |      27 |   0.0 |   850
           D:4 |       0 |     189 |   0.0 |       0 |       8 |   0.0 |   766
           D:5 |       0 |     683 |   0.0 |       0 |      19 |   0.0 |  1026
           D:6 |       0 |     851 |   0.0 |       0 |      16 |   0.0 |   330
               +---------+---------+-------+---------+---------+-------+---------
